 Dungeon Crawl Stone Soup version 0.28-a0-1638-g9123634e07 (webtiles) character file.

Game seed: 2741385107836500171

9 parzival7114810 the Conjurer (level 2, -3/11 HPs)
             Began as a Felid Conjurer on Jan 25, 2022.
             Was a Follower of Zin.
             Slain by a kobold (5 damage)
             ... on level 1 of the Dungeon.
             The game lasted 00:02:22 (1670 turns).

parzival7114810 the Conjurer (Felid Conjurer)       Turns: 1670, Time: 00:02:23

Health: -3/11      AC:  1    Str:  3    XL:     2   Next: 3%
Magic:  6/6        EV: 17    Int: 19    God:    Zin [*.....]
Gold:   0          SH:  0    Dex: 14    Spells: 4/5 levels left
                                        Lives:  0   Deaths: 0

rFire   . . .      SeeInvis +   (weapon unavailable)
rCold   . . .      Faith    .   (shield unavailable)
rNeg    . . .      Spirit   .   (armour unavailable)
rPois   .          Reflect  .   (helmet unavailable)
rElec   .          Harm     .   (cloak unavailable)
rCorr   .          Rampage  .   (gloves unavailable)
Will    .....                   (boots unavailable)
Stlth   ++........              (no amulet)
HPRegen 0.03/turn               (no ring)
MPRegen 0.10/turn               (no ring)

@: quick
A: very small, claws 1, fangs 3, see invisible, speed 1, shaggy fur 1, stealthy
paws, no weapons or thrown items, no armour, multi-lived
a: Renounce Religion, Recite, Donate Gold


You were on level 1 of the Dungeon.
You worshipped Zin.
Zin was aware of your devotion.
You visited 1 branch of the dungeon, and saw 1 of its levels.

Inventory:

Scrolls
 a - a scroll of immolation {unknown}


   Skills:
 + Level 2.7 Dodging
 + Level 2.7 Stealth
 + Level 0.4 Unarmed Combat
 + Level 2.0 Spellcasting
 + Level 3.9 Conjurations


You had 4 spell levels left.
You knew the following spells:

 Your Spells              Type           Power      Damage    Failure   Level
a - Magic Dart            Conj           68%        1d6       3%          1

Your spell library contained the following spells:

 Spells                   Type           Power      Damage    Failure   Level
 Searing Ray              Conj           34%        2d5       4%          2
 Dazzling Flash           Conj/Hex       18%        N/A       22%         3
 Fulminant Prism          Conj/Hex       4%         3d6       58%         4
 Iskenderun's Mystic Bla  Conj/Tloc      9%         2d4       58%         4


Dungeon Overview and Level Annotations

Branches:
Dungeon (1/15)

Altars:
Zin


Innate Abilities, Weirdness & Mutations

You have sharp claws.
You have razor-sharp teeth.
You have supernaturally acute eyesight. (SInv)
You cover ground quickly. (Speed+)
You are covered in fur. (AC +1)
Your paws help you pounce on unaware monsters.
You are incapable of wielding weapons or throwing items.
You cannot wear armour.
You gain extra lives every three experience levels.


Message History

You can't wear anything.
Okay, then.
You can't wear anything.
There is a stone staircase leading down here.
There is a faded altar of an unknown god here.
You cannot tell which god this altar belongs to.
Convert to them anyway?
Zin accepts your prayer! Zin welcomes you!
You can now donate money to Zin.
You can now recite Zin's Axioms of Law.
Okay, then.
Okay, then.
There is a stone staircase leading down here.
A rat comes into view.
A rat is nearby!
You pounce on the unaware helpless rat!
You claw the rat!
You kill the rat!
You have reached level 2!
A kobold comes into view. It is wielding a +0 dagger.
The kobold shouts!
A kobold is nearby!
Found a scroll labelled QYZAYF OZAOK.
A kobold comes into view. It is wielding a +0 short sword.
The kobold shouts!
The kobold completely misses you.
You scratch the kobold but do no damage.
Your bite misses the kobold. The kobold hits you with a +0 dagger.
You barely miss the kobold. The kobold hits you with a +0 dagger.
You scratch the kobold but do no damage.
The kobold misses you.
You scratch the kobold.
You kill the kobold!
The kobold throws a stone.
The stone hits you but does no damage.
The kobold hits you with a +0 short sword.
* * * LOW HITPOINT WARNING * * *
You see here a +0 dagger.
You scratch the kobold but do no damage.
The kobold misses you.
You barely miss the kobold. Your claw misses the kobold.
The kobold hits you with a +0 short sword.
You die...

## .#.
...........########.
# # # ######.†.###
#. ## ##.## #. .#
#.# #. .# #.# #. .#
#.# ## .# #.# .#
..#########.# ..
......K@....# ..#
.##########.# ..#
#.# #.# ... .#. . .#
?# ##


You could see a kobold.

Vanquished Creatures
  A ball python (D:1)
  A giant cockroach (D:1)
  3 kobolds (D:1)
  A frilled lizard (D:1)
  A goblin (D:1)
  2 rats (D:1)
9 creatures vanquished.

Notes
Turn   | Place    | Note
-------+----------+-------------------------------------------
     0 | D:1      | parzival7114810 the Felid Conjurer began the quest for the
                  | Orb.
     0 | D:1      | Reached XP level 1. HP: 7/7 MP: 4/4
   473 | D:1      | Found a faded altar of an unknown god.
  1603 | D:1      | Prayed at the altar of an unknown god.
  1603 | D:1      | Became a worshipper of Zin the Law-Giver
  1603 | D:1      | Reached * piety under Zin
  1632 | D:1      | Reached XP level 2. HP: 11/11 MP: 6/6
  1670 | D:1      | Slain by a kobold

Illustrated notes

Levels and vault maps discovered:
D:1:      minmay_arrival_checkered_box, layout_loops_ring,
          basic_ecumenical_altar

Action                   || total
-------------------------++-------
Melee: Unarmed           ||    41
       Bite              ||     2
 Stab: Sleeping          ||     2
Armor: Skin              ||     2
Dodge: Dodged            ||    30

Table legend: (Time is in decaauts)
 A = Elapsed time spent in this place.
 B = Non-inter-level travel time spent in this place.
 C = Inter-level travel time spent in this place.
 D = Time resting spent in this place.
 E = Time spent auto-exploring this place.
 F = Levels seen in this place.
 G = Mean time per level.
                   A        B        C        D        E       F      G
               +--------+--------+--------+--------+--------+-----+--------+
         Total |   1597 |   1552 |     45 |   1266 |    129 |   1 | 1597.0 |
       Dungeon |   1597 |   1552 |     45 |   1266 |    129 |   1 | 1597.0 |
               +--------+--------+--------+--------+--------+-----+--------+

Top non-repeatable levels by time:
     D:1: 1597 daAuts
